 Dungeon Crawl Stone Soup version 0.27-a0-1525-g1038ab4fd7 (webtiles) character file.

Game seed: 9249872733310787954

110 flotson the Sneak (level 4, -10/43 HPs)
             Began as a Naga Delver on July 11, 2021.
             Mangled by Edmund (15 damage)
             ... on level 4 of the Dungeon.
             The game lasted 00:05:33 (510 turns).

flotson the Sneak (Naga Delver)                      Turns: 510, Time: 00:05:35

Health: -10/43     AC:  2    Str: 15    XL:     4   Next: 91%
Magic:  4/4        EV: 10    Int: 10    God:
Gold:   48         SH:  0    Dex: 13    Spells: 3/3 levels left

rFire    . . .     SeeInvis +   d - +0 short sword (elec)
rCold    . . .     Faith    .   (no shield)
rNeg     . . .     Spirit   .   b - +0 leather armour
rPois    +         Reflect  .   (no helmet)
rElec    .         Harm     .   (no cloak)
rCorr    .         Rampage  .   (no gloves)
Will     .....                  (no barding)
Stlth    +++.......             (no amulet)
HPRegen  0.14/turn              (no ring)
MPRegen  0.09/turn              (no ring)

@: short of breath, weak-willed, very slow
A: AC +1, large, see invisible, deformed body, poison resistance, slowness 2,
spit poison 1, naga tail 1
a: Spit Poison


You were on level 4 of the Dungeon.
You visited 1 branch of the dungeon, and saw 2 of its levels.

You collected 48 gold pieces.

Inventory:

Hand Weapons
 a - a +0 hand axe
 d - a +0 short sword of electrocution (weapon)
 e - a +0 hunting sling
Missiles
 i - 13 boomerangs
Armour
 b - a +0 leather armour (worn)
 k - a +0 ring mail
Wands
 g - a wand of digging (3)
Scrolls
 c - a scroll of fog


   Skills:
 + Level 3.6 Fighting
 + Level 2.7 Axes
 + Level 1.4 Throwing
 + Level 2.2 Dodging
 - Level 7.2 Stealth
 + Level 1.7 Evocations


You had 3 spell levels left.
You didn't know any spells.
Your spell library was empty.

Dungeon Overview and Level Annotations

Branches:
Dungeon (5/15)
 Temple: D:4-7

Altars:
Gozag
Makhleb
Xom

Annotations:
D:4 Edmund


Innate Abilities, Weirdness & Mutations

Your serpentine skin is tough. (AC +1)
You have supernaturally acute eyesight. (SInv)
Armour fits poorly on your strangely shaped body.
Your system is resistant to poisons. (rPois)
You cover ground very slowly.
You can spit poison.
You have a snake-like lower body.


Message History

Press: ? - help, Shift-Dir - straight line, f/p - Edmund
Aim: Edmund, wielding a +2 flail of protection and wearing a +0 chain mail (lightly wounded, poisoned)
The splash of poison hits Edmund but does no damage.
Edmund looks even sicker.
Edmund is lightly wounded.
You feel yourself slow down.
You have got your breath back.
Edmund looks more healthy.
Press: ? - help, Shift-Dir - straight line, f/p - Edmund
Aim: Edmund, wielding a +2 flail of protection and wearing a +0 chain mail (moderately wounded)
The splash of poison misses Edmund.
Edmund says, "People accused me of being a cutpurse!"
Edmund hits you with a +2 flail of protection!
Edmund hits you with a +2 flail of protection!
* * * LOW HITPOINT WARNING * * *
It was a potion of curing.
You feel better.
Edmund hits you with a +2 flail of protection.
* * * LOW HITPOINT WARNING * * *
As you read the scroll labelled UJARUNAXTO, it crumbles to dust.
Magic quickly surges around you.
It was a scroll of vulnerability.
You have got your breath back.
Edmund hits you with a +2 flail of protection.
* * * LOW HITPOINT WARNING * * *
Press: ? - help, Shift-Dir - straight line, f/p - Edmund
Aim: Edmund, wielding a +2 flail of protection and wearing a +0 chain mail (moderately wounded, weak-willed)
The splash of poison hits Edmund but does no damage.
Edmund is poisoned.
Edmund is moderately wounded.
Edmund barely misses you. Edmund barely misses you.
Found a club.
You have got your breath back.
Edmund closely misses you.
Press: ? - help, Shift-Dir - straight line, f/p - Edmund
Aim: Edmund, wielding a +2 flail of protection and wearing a +0 chain mail (moderately wounded, poisoned, weak-willed)
The splash of poison hits Edmund but does no damage.
Edmund looks even sicker.
Edmund is moderately wounded.
Edmund hits you with a +2 flail of protection!
You die...

#. ... ......##### #.##..
.........# ##.#..
........#
##..#.##########....## #
#....................####
####.############..#.....
#....# ###########.
#######.#########.)...
#..
##.......#####@@.......
###
##..#####.......######..
#.........#######
###########


You could see Edmund (very poisoned, weak-willed).

Vanquished Creatures
  An ogre (D:5)
  A hound (D:4)
  An orc (D:5)
  A kobold (D:4)
4 creatures vanquished.

Notes
Turn   | Place    | Note
-------+----------+-------------------------------------------
     0 | D:5      | flotson the Naga Delver began the quest for the Orb.
     0 | D:5      | Reached XP level 1. HP: 21/21 MP: 1/1
     3 | D:5      | Found a shimmering altar of Xom.
     7 | D:5      | Noticed a centaur
    30 | D:5      | Found a burning altar of Makhleb.
    35 | D:5      | Noticed an ogre
    95 | D:5      | Killed an ogre
    96 | D:5      | Reached skill level 1 in Throwing
    96 | D:5      | Reached skill level 1 in Evocations
    96 | D:5      | Reached XP level 2. HP: 12/28 MP: 2/2
    96 | D:5      | Reached XP level 3. HP: 14/34 MP: 3/3
    96 | D:5      | Reached XP level 4. HP: 18/42 MP: 4/4
   317 | D:4      | Found an opulent altar of Gozag.
   459 | D:4      | Noticed Edmund
   510 | D:4      | Mangled by Edmund

Illustrated notes

Levels and vault maps discovered:
D:4:      layout_rooms, nicolae_gozag_seed_capital, gammafunk_ghost_cemetery,
          uniq_edmund
D:5:      layout_basic, grunt_temple_overflow_order_and_chaos_2,
          eat_drink_and_be_merry_uskayaw, old_standard_altar,
          grunt_qazlal_sundering

Skill      XL: |  1 |
---------------+----+-----
Throwing       | 1 |  1.4
Dodging        | 2 |  2.2
Evocations     | 1 |  1.7
Fighting       | |  3.6
Axes           | |  2.7
Stealth        | |  7.2

Action                   |  1- 3 |  4- 6 || total
-------------------------+-------+-------++-------
Melee: Short sword       |       |     7 ||     7
 Abil: Spit Poison       |     5 |    14 ||    19
  Use: Scroll            |     2 |     1 ||     3
       Potion            |       |     2 ||     2
Dodge: Dodged            |     1 |     5 ||     6

Table legend: (Time is in decaauts)
 A = Elapsed time spent in this place.
 B = Non-inter-level travel time spent in this place.
 C = Inter-level travel time spent in this place.
 D = Time resting spent in this place.
 E = Time spent auto-exploring this place.
 F = Levels seen in this place.
 G = Mean time per level.
                   A        B        C        D        E       F      G
               +--------+--------+--------+--------+--------+-----+--------+
         Total |    614 |    463 |    151 |    152 |     42 |   2 |  307.0 |
       Dungeon |    614 |    463 |    151 |    152 |     42 |   2 |  307.0 |
               +--------+--------+--------+--------+--------+-----+--------+

Top non-repeatable levels by time:
     D:5: 478 daAuts
     D:4: 136 daAuts
